 Dungeon Crawl Stone Soup version 0.22-a0-779-g6f83d72c62 (webtiles) character file.

36 Holzbalken the Chopper (level 3, 0/32 HPs)
             Began as a Naga Warper on July 19, 2018.
             Slain by an adder (3 damage)
             ... on level 2 of the Dungeon.
             The game lasted 00:04:08 (1132 turns).

Holzbalken the Chopper (Naga Warper)                Turns: 1132, Time: 00:04:08

Health: 0/32       AC:  2    Str: 14    XL:     3   Next: 37%
Magic:  6/6        EV:  9    Int: 13    God:
Gold:   36         SH:  0    Dex: 10    Spells: 6/6 levels left

rFire    . . .     SeeInvis +   a - +0 hand axe
rCold    . . .     Gourm    .   (no shield)
rNeg     . . .     Faith    .   b - +0 leather armour
rPois    +         Spirit   .   (no helmet)
rElec    .         Reflect  .   (no cloak)
rCorr    .         Harm     .   (no gloves)
MR       .....                  (no barding)
Stlth    +.........             (no amulet)
HPRegen  0.10/turn              (no ring)
MPRegen  0.10/turn              (no ring)

@: lethally poisoned (0 -> -3), very slow
A: large, see invisible, deformed body, poison resistance, slowness 2, slow
metabolism 1, spit poison 1, AC +1
a: Spit Poison


You were on level 2 of the Dungeon.
You were not hungry.

You visited 1 branch of the dungeon, and saw 2 of its levels.

You collected 36 gold pieces.

Inventory:

Hand Weapons
 a - a +0 hand axe (weapon)
Missiles
 e - 5 tomahawks of dispersal (quivered)
Armour
 b - a +0 leather armour (worn)
Scrolls
 c - a scroll of fear {unknown}
 d - 2 scrolls of blinking
 j - a scroll of remove curse {unknown}
 l - a scroll of enchant armour {unknown}
Potions
 g - a potion of degeneration {unknown}
 h - a potion of heal wounds {unknown}
 i - 2 potions of haste {unknown}
 k - a potion of resistance {unknown}
Comestibles
 f - 3 rations
 m - a chunk of flesh


   Skills:
 - Level 2.0 Fighting
 + Level 3.7 Axes
 - Level 0.8 Throwing
 - Level 0.7 Armour
 - Level 1.5 Dodging
 - Level 2.0 Spellcasting
   Level 3.0 Translocations


You had 6 spell levels left.
You didn't know any spells.
Your spell library contained the following spells:

 Spells                   Type           Power        Failure   Level  Hunger
 Teleport Other           Tloc           #.......     28%         3    ####...
 Blink                    Tloc           N/A          14%         2    ###....
 Passage of Golubria      Tloc           N/A          67%         4    #####..
 Shroud of Golubria       Chrm/Tloc      #.........   26%         2    ###....
 Gell's Gravitas          Tloc           #.........   28%         3    ####...
 Lesser Beckoning         Tloc           #.........   28%         3    ####...


Dungeon Overview and Level Annotations

Branches:
Dungeon (2/15)

Altars:


Innate Abilities, Weirdness & Mutations

You cannot wear boots.
Your serpentine skin is tough. (AC +1)
You have supernaturally acute eyesight. (SInv)
Armour fits poorly on your strangely shaped body.
Your system is resistant to poisons. (rPois)
You cover ground very slowly.
You have a slow metabolism.
You can spit poison.


Message History

You have got your breath back.
You feel sick. The adder bites you.
You closely miss the goblin.
The goblin is heavily wounded.
You barely miss the adder. The adder bites you but does no damage.
The goblin closely misses you. The adder bites you.
You hit the goblin.
You kill the goblin!
You hit the hobgoblin. You barely miss the adder.
You feel sick. The hobgoblin hits you with a club.
* * * LOW HITPOINT WARNING * * *
The adder barely misses you. The hobgoblin closely misses you.
The adder closely misses you. The adder misses you.
The hobgoblin closely misses you.
Things that are here:
a club; a goblin corpse You barely miss the hobgoblin.
The hobgoblin is moderately wounded.
You hit the adder but do no damage. The adder bites you.
You die...

#. .# .###.# .#
.....#+#.#
#........#
#.........
+.........
.#####.........
.......@g.....#
#####...S...###
#.......#
#.......#
###.......#
#.'.......#
#.#.......######
#.#............#
#.#####.#.####.#


You could see an adder and a hobgoblin.

Vanquished Creatures
  An adder (D:2)
  A leopard gecko (D:1)
  2 ball pythons (D:1)
  A giant cockroach (D:1)
  6 goblins
  3 hobgoblins (D:1)
  4 bats (D:1)
  4 frilled lizards
  A kobold (D:1)
  2 rats (D:1)
25 creatures vanquished.

Notes
Turn   | Place    | Note
-------+----------+-------------------------------------------
     0 | D:1      | Holzbalken the Naga Warper began the quest for the Orb.
     0 | D:1      | Reached XP level 1. HP: 19/19 MP: 3/3
   163 | D:1      | Reached XP level 2. HP: 8/26 MP: 5/5
   897 | D:1      | Reached XP level 3. HP: 32/32 MP: 6/6
  1132 | D:2      | Slain by an adder

Vault maps used:
D:1:      dpeg_arrival_castle

Skill      XL: |  1  2 |
---------------+-------+-----
Axes           | 3 |  3.7
Fighting       | |  2.0
Throwing       | |  0.8
Armour         | |  0.7
Dodging        | |  1.5
Spellcasting   | |  2.0
Translocations | |  3.0

Action                   || total
-------------------------++-------
Melee: Hand axe          ||    87
 Abil: Spit Poison       ||     1
Armor: Leather armour    ||    29
Dodge: Dodged            ||    56

Table legend:
 A = Spawn XP
 B = Non-spawn XP
 C = Spawn XP percentage of total XP
 D = Spawn monster count
 E = Non-spawn monster count
 F = Spawn count percentage of total count
 G = Total turns spent on level
                    A         B        C        D         E        F      G
               +---------+---------+-------+---------+---------+-------+---------
         Total |       0 |      52 |   0.0 |       0 |      25 |   0.0 |  1132
               +---------+---------+-------+---------+---------+-------+---------
           D:1 |       0 |      34 |   0.0 |       0 |      21 |   0.0 |   955
           D:2 |       0 |      18 |   0.0 |       0 |       4 |   0.0 |   177
               +---------+---------+-------+---------+---------+-------+---------
